 Dungeon Crawl Stone Soup version 0.18.1-8-gdd0e5ea (webtiles) character file.

9240 rockintein the Severer (level 11, -1/99 HPs)
             Began as a Minotaur Berserker on June 9, 2016.
             Was a High Priest of Trog.
             Slain by a white ugly thing (26 damage)
             ... on level 11 of the Dungeon.
             The game lasted 00:19:22 (11187 turns).

rockintein the Severer (Minotaur Berserker)        Turns: 11187, Time: 00:19:23

Health: -1/99      AC: 20    Str: 25    XL:     11   Next: 20%
Magic:  12/12      EV:  8    Int:  6    God:    Trog [*****.]
Gold:   363        SH:  0    Dex: 16    Spells: 0 memorised, 10 levels left

rFire  . . .     SeeInvis .     F - +0 hand axe (flame)
rCold  . . .     Gourm    .     b - +0 plate armour
rNeg   . . .     Faith    .     (no shield)
rPois  .         Spirit   .     (helmet restricted)
rElec  +         Dismiss  .     v - +1 cloak
rCorr  .         Reflect  .     o - +0 pair of gloves
SustAt +         Harm     +     (no boots)
MR     ++...                    n - amulet "Zaopt" {Harm *Drain +Blink rElec Int+2}
Stlth  ..........               w - ring of sustain attributes
                                i - +6 ring of dexterity

@: regenerating, very resistant to hostile enchantments, extremely unstealthy
A: retaliatory headbutt, horns 2, thin metallic scales 1, high mp 2
a: Berserk, Trog's Hand, Brothers in Arms, Burn Spellbooks, Renounce Religion,
Evoke Blink


You were on level 11 of the Dungeon.
You worshipped Trog.
Trog was extremely pleased with you.
You were hungry.

You visited 1 branch of the dungeon, and saw 11 of its levels.

You collected 499 gold pieces.
You spent 136 gold pieces at shops.

Inventory:

Hand Weapons
 F - a +0 hand axe of flaming (weapon)
Armour
 b - a +0 plate armour (worn)
 o - a +0 pair of gloves (worn)
 v - a +1 cloak (worn)
Jewellery
 i - a +6 ring of dexterity (left hand)
 n - the amulet "Zaopt" (around neck) {Harm *Drain +Blink rElec Int+2}
   (You bought it in a shop on level 5 of the Dungeon)

   [amulet of harm]

   It increases damage dealt and taken.
   It affects your intelligence (+2).
   It insulates you from electricity.
   It lets you blink.
 w - a ring of sustain attributes (right hand)
 z - an uncursed ring of wizardry {unknown}
 E - an uncursed ring of fire {unknown}
 P - a cursed ring of loudness {unknown}
Wands
 r - a wand of disintegration (0/24)
 s - a wand of slowing (28/48)
 u - a wand of digging (15/24)
 x - a wand of iceblast (6/15)
 y - a wand of flame (12/48)
 C - a wand of disintegration (10/24)
 D - a wand of lightning (7/15)
 G - a wand of flame (23/48)
 M - a wand of confusion (9/48)
Scrolls
 d - 3 scrolls of fog
 f - 2 scrolls of identify
 g - 2 scrolls of amnesia
 h - 3 scrolls of enchant armour
 j - 5 scrolls of remove curse
 q - a scroll of magic mapping
 t - 3 scrolls of teleportation
 B - a scroll of random uselessness {unknown}
 K - a scroll of fear {unknown}
 N - a scroll of immolation {unknown}
Potions
 a - 3 potions of curing
 e - a potion of cancellation
 k - 3 potions of brilliance
 H - a potion of resistance {unknown}
 L - a potion of heal wounds {unknown}
 O - a potion of haste
 Q - a potion of invisibility
Books
 A - a book of Misfortune

   Spells                             Type                      Level
   a - Confusing Touch                Hexes                        2
   b - Confuse                        Hexes                        3
   c - Gell's Gravitas                Hexes/Translocation          3
   d - Petrify                        Transmutation/Earth          4
   e - Metabolic Englaciation         Hexes/Ice                    5
   f - Yara's Violent Unravelling     Hexes/Transmutation          5
   Trog disapproves of the use of such an item.
 I - a book of the Tempests

   Spells                             Type                      Level
   a - Static Discharge               Conjuration/Air              3
   b - Lightning Bolt                 Conjuration/Air              5
   c - Fireball                       Conjuration/Fire             5
   d - Tornado                        Air                          9
   e - Shatter                        Earth                        9
   Trog disapproves of the use of such an item.
Comestibles
 c - 4 bread rations
 l - 8 slices of pizza
 m - 5 meat rations
 J - 12 fruits


   Skills:
 + Level 10.0 Fighting
 * Level 15.7 Axes
 + Level 9.7 Armour
 - Level 2.1 Dodging


You had 10 spell levels left.
You didn't know any spells.

Dungeon Overview and Level Annotations

Branches:
Dungeon (11/15)            Temple (0/1) D:7            Lair (0/8) D:8
    Orc: D:9-12

Altars:
Ashenzari
Dithmenos
Fedhas
Gozag
Kikubaaqudgha
Nemelex Xobeh
Okawaru
Pakellas
Qazlal
Ru
Vehumet
Xom
Yredelemnul
Zin
The Shining One

Shops:
D:2 *   D:5 :%*:(   D:6 :


Innate Abilities, Weirdness & Mutations

You reflexively headbutt those who attack you in melee.
You have a pair of horns on your head.
You are partially covered in thin metallic scales (AC +2).
You have a considerably increased reservoir of magic (+20% MP).


Message History

The white ugly thing claws you but does no damage.
You hit the white ugly thing but do no damage.
The white ugly thing is lightly wounded.
The white ugly thing claws you. The white ugly thing freezes you!!
You hit the white ugly thing but do no damage.
Your headbutt misses the white ugly thing.
The white ugly thing is lightly wounded.
Your plate armour prevents you from hitting the white ugly thing.
You headbutt the white ugly thing!
The white ugly thing is moderately wounded.
The white ugly thing claws you. The white ugly thing freezes you!!
* * * LOW HITPOINT WARNING * * *
You are too injured to fight recklessly!
You are too injured to fight recklessly!
Your skin crawls.
You feel resistant to hostile enchantments.
You feel slightly more hungry. The white ugly thing claws you.
* * * LOW HITPOINT WARNING * * *
The white ugly thing freezes you!!
You die...

≈. .# ..
.## ..#
#.##
#[u####
#@....#
#.....#
#........
#........
##.......
#$.....
#.....
.....


You could see a white ugly thing.

Vanquished Creatures
  Erolcha (D:8)
  A hydra (D:9)
  The ghost of RudyRod the Arsonist, a journeyman GrFE of Vehumet (D:10)
  2 hill giants (D:10)
  Pikel (D:8)
  A cyclops (D:10)
  A komodo dragon (D:8)
  Sigmund (D:3)
  2 yaks (D:9)
  A hungry ghost (D:10)
  Menkaure (D:5)
  2 ice beasts
  An orc warrior (D:7)
  2 phantoms
  2 black bears
  2 slaves (D:8)
  8 ogres
  2 necrophages (D:6)
  3 centaurs (D:8)
  4 big kobolds
  Blork the orc (D:6)
  4 giant frogs
  A wyvern zombie (D:6)
  A gnoll sergeant (D:8)
  A wyvern skeleton (D:6)
  3 scorpions
  4 howler monkeys
  5 electric eels (D:9)
  6 crimson imps
  3 hounds
  3 jellies
  Crazy Yiuf (D:3)
  2 giant frog skeletons (D:7)
  7 orc priests
  A centaur skeleton (D:8)
  14 orc wizards
  6 worker ants
  Natasha (thrice) (D:3)
  A killer bee zombie (D:9)
  2 sheep (D:9)
  A hound skeleton (D:4)
  A hound zombie (D:5)
  Robin (D:4)
  A howler monkey zombie (D:9)
  A worker ant zombie (D:6)
  7 gnolls (D:8)
  9 adders
  A shadow imp (D:7)
  3 oozes
  4 adder skeletons
  3 adder zombies
  3 worms
  2 dart slugs (D:8)
  9 giant geckos
  38 orcs
  3 ball pythons
  3 giant cockroaches
  12 goblins
  12 hobgoblins
  9 jackals
  10 kobolds
  5 quokkas
  9 bats
  2 giant gecko skeletons (D:4)
  9 giant newts
  2 quokka zombies
  11 rats
  A spectral orc (D:8)
  A plant (D:9)
281 creatures vanquished.

Vanquished Creatures (others)
  A slave (D:8)
  A worker ant (D:8)
  2 bushes (D:6)
  10 plants
14 creatures vanquished.

Grand Total: 295 creatures vanquished

Notes
Turn   | Place    | Note
--------------------------------------------------------------
     0 | D:1      | rockintein the Minotaur Berserker began the quest for the Orb.
     0 | D:1      | Reached XP level 1. HP: 19/19 MP: 0/0
    70 | D:1      | Reached skill level 4 in Axes
   428 | D:1      | Reached XP level 2. HP: 26/26 MP: 1/1
   774 | D:1      | Reached ** piety under Trog
   953 | D:1      | Reached skill level 5 in Axes
   953 | D:1      | Reached XP level 3. HP: 24/31 MP: 2/2
  1491 | D:2      | Found Gozag's Platinum Reserve.
  1553 | D:2      | Reached XP level 4. HP: 37/39 MP: 3/3
  1580 | D:2      | Found an opulent altar of Gozag.
  1612 | D:2      | Reached skill level 6 in Axes
  2262 | D:3      | Reached skill level 7 in Axes
  2262 | D:3      | Reached XP level 5. HP: 26/45 MP: 4/4
  2515 | D:3      | Reached *** piety under Trog
  2519 | D:3      | Reached skill level 8 in Axes
  2601 | D:3      | Noticed Sigmund
  2609 | D:3      | Killed Sigmund
  2609 | D:3      | Reached skill level 9 in Axes
  2609 | D:3      | Reached XP level 6. HP: 48/51 MP: 5/5
  2761 | D:3      | Noticed Natasha
  2762 | D:3      | Found an ancient bone altar of Kikubaaqudgha.
  2767 | D:3      | Killed Natasha
  3344 | D:3      | Noticed Natasha
  3350 | D:3      | Killed Natasha
  3350 | D:3      | Reached XP level 7. HP: 48/57 MP: 6/6
  3380 | D:3      | Noticed Natasha
  3389 | D:3      | Killed Natasha
  3673 | D:3      | Noticed Crazy Yiuf
  3677 | D:3      | Killed Crazy Yiuf
  3910 | D:4      | Reached skill level 10 in Axes
  3994 | D:4      | Gained mutation: You are partially covered in thin metallic scales (AC +2). [potion of mutation]
  3994 | D:4      | Gained mutation: You have an increased reservoir of magic (+10% MP). [potion of mutation]
  3994 | D:4      | Gained mutation: You have a considerably increased reservoir of magic (+20% MP). [potion of mutation]
  4265 | D:4      | Noticed Robin
  4271 | D:4      | Reached **** piety under Trog
  4274 | D:4      | Killed Robin
  4313 | D:4      | Found a shattered altar of Ashenzari.
  4493 | D:4      | Found a shadowy altar of Dithmenos.
  4494 | D:4      | Found a sparkling altar of Nemelex Xobeh.
  4526 | D:5      | Entered Level 5 of the Dungeon
  4529 | D:5      | Found Wakko's Assorted Antiques.
  4547 | D:5      | Bought a smoking diamond amulet for 100 gold pieces
  4547 | D:5      | Identified the amulet "Zaopt" {Harm *Drain +Blink rElec Int+2} (You bought it in a shop on level 5 of the Dungeon)
  4549 | D:5      | Bought a fizzy green potion for 18 gold pieces
  4549 | D:5      | Bought a smoky purple potion for 18 gold pieces
  4603 | D:5      | Reached XP level 8. HP: 63/67 MP: 8/8
  4763 | D:5      | Found a glowing silver altar of Zin.
  4763 | D:5      | Found an iron altar of Okawaru.
  4830 | D:5      | Noticed Menkaure
  4838 | D:5      | Killed Menkaure
  4838 | D:5      | Reached skill level 5 in Fighting
  4838 | D:5      | Reached skill level 11 in Axes
  4857 | D:5      | Found Ynaclaic's Antique Weapon Shop.
  4899 | D:5      | Found Ecwoasim's Book Shop.
  5214 | D:5      | Found Veru Tyh's Food Shop.
  5308 | D:5      | Found Otimic Baint's Book Emporium.
  5417 | D:6      | Noticed Blork the orc
  5422 | D:6      | Killed Blork the orc
  5577 | D:6      | Found Jusea's Book Shoppe.
  5662 | D:6      | Reached skill level 5 in Armour
  5751 | D:6      | Found a blossoming altar of Fedhas.
  6450 | D:6      | Reached skill level 12 in Axes
  6538 | D:6      | Reached XP level 9. HP: 78/78 MP: 9/9
  7198 | D:7      | Found a staircase to the Ecumenical Temple.
  7580 | D:7      | Found a glowing golden altar of the Shining One.
  8177 | D:8      | Found a blossoming altar of Fedhas.
  8367 | D:8      | Noticed a komodo dragon
  8373 | D:8      | Killed a komodo dragon
  8373 | D:8      | Reached skill level 13 in Axes
  8582 | D:8      | Found a shimmering altar of Xom.
  8695 | D:8      | Noticed Erolcha
  8697 | D:8      | Found a radiant altar of Vehumet.
  8705 | D:8      | Killed Erolcha
  8708 | D:8      | Noticed Pikel
  8713 | D:8      | Reached XP level 10. HP: 88/88 MP: 11/11
  8751 | D:8      | Killed Pikel
  8870 | D:8      | Found a staircase to the Lair.
  8961 | D:8      | Found a basalt altar of Yredelemnul.
  9073 | D:8      | Reached skill level 14 in Axes
  9183 | D:8      | Found an oddly glowing altar of Pakellas.
  9381 | D:9      | Noticed a two-headed hydra
  9388 | D:9      | Killed a one-headed hydra
  9423 | D:9      | Reached ***** piety under Trog
  9453 | D:9      | Found a stormy altar of Qazlal.
  9978 | D:9      | Found a sacrificial altar of Ru.
 10296 | D:10     | Entered Level 10 of the Dungeon
 10303 | D:10     | Reached skill level 15 in Axes
 10424 | D:10     | Noticed a hill giant
 10434 | D:10     | Killed a hill giant
 10439 | D:10     | Noticed a cyclops
 10448 | D:10     | Killed a cyclops
 10448 | D:10     | Reached XP level 11. HP: 41/99 MP: 12/12
 10489 | D:10     | Noticed RudyRod's ghost (journeyman GrFE)
 10505 | D:10     | Killed RudyRod's ghost
 10597 | D:10     | Noticed a hill giant
 10610 | D:10     | Killed a hill giant
 10610 | D:10     | Reached skill level 10 in Fighting
 11179 | D:11     | Noticed a white ugly thing
 11187 | D:11     | Slain by a white ugly thing

Skill      XL: |  1  2  3  4  5  6  7  8  9 10 11 |
---------------+----------------------------------+-----
Axes           | 4 5 7 9 10 12 13 15 | 15.7
Armour         | 3 5 7 9 |  9.7
Fighting       | 4 6 8 9 10 | 10.0
Dodging        | |  2.1

Action                   |  1- 3 |  4- 6 |  7- 9 | 10-12 || total
-------------------------+-------+-------+-------+-------++-------
Melee: Hand axe          |    57 |   119 |   312 |   197 ||   685
       Headbutt          |    10 |    18 |    66 |    60 ||   154
       War axe           |       |       |       |    16 ||    16
Invok: Trog's Hand       |       |     6 |     4 |     4 ||    14
       Berserk           |       |     2 |     6 |     3 ||    11
Evoke: Wand              |       |       |       |     2 ||     2
  Use: Scroll            |       |       |    10 |       ||    10
       Potion            |       |       |     8 |       ||     8
 Stab: Sleeping          |     1 |       |       |       ||     1
       Paralysed         |       |       |       |     1 ||     1
  Eat: Chunk             |     2 |     7 |    23 |    13 ||    45
       Pizza             |       |       |       |     1 ||     1
Armor: Animal skin       |    13 |    12 |     1 |       ||    26
       Plate armour      |       |       |   101 |    86 ||   187
       Scale mail        |       |       |     9 |       ||     9
       Chain mail        |       |       |     5 |       ||     5
Dodge: Dodged            |    40 |    61 |    81 |    70 ||   252
